 Dungeon Crawl Stone Soup version 0.28-a0-630-g0357d9c091 (webtiles) character file.

Game seed: 6007845216882251057

27029 Conn the Arsonist (level 13, -4/75 (76) HPs)
             Began as an Octopode Fire Elementalist on Oct 9, 2021.
             Was a High Priest of Sif Muna.
             Slain by a sixfirhy (6 damage)
             ... summoned by an orc sorcerer
             ... on level 2 of the Orcish Mines.
             The game lasted 01:19:09 (18999 turns).

Conn the Arsonist (Octopode Fire Elementalist)     Turns: 18999, Time: 01:19:09

HP:   -4/75 (76)    AC:  4    Str:  8    XL:     13   Next: 29%
MP:   32/36         EV: 14    Int: 26    God:    Sif Muna [*****.]
Gold: 493           SH:  6    Dex: 13    Spells: 5/32 levels left

rFire   + + +      SeeInvis .   a - staff of fire
rCold   . . .      Faith    .   h - +1 buckler {AC+3}
rNeg    . . .      Spirit   .   (helmet restricted)
rPois   .          Reflect  .   p - amulet of the acrobat
rElec   .          Harm     .   C - +6 ring of dexterity
rCorr   +          Rampage  .   e - ring of Jeizych {rF+ rC+ rCorr Int+4 Dex-5}
Will    .....                   r - ring of fire
Stlth   ++++......              o - ring of magical power
HPRegen 0.22/turn               (no ring)
MPRegen 0.25/turn               (no ring)
                                (no ring)
                                (no ring)

@: lightly drained
A: almost no armour, amphibious, 8 rings, camouflage 1, gelatinous body 1,
(nimble swimmer 1), tentacles
a: Renounce Religion, Channel Magic, Forget Spell, Divine Exegesis


You were on level 2 of the Orcish Mines.
You worshipped Sif Muna.
Sif Muna was extremely pleased with you.
You visited 3 branches of the dungeon, and saw 15 of its levels.
You also visited: Sewer.

You collected 2155 gold pieces.
You spent 1662 gold pieces at shops.

Inventory:

Hand Weapons
 b - the +4 falchion of the Unspeakable One {protect, rF+ Stlth+}
   (You bought it in a shop on level 10 of the Dungeon)

   It grants its wielder temporary protection when it strikes (+7 to AC).
   rF:        It protects you from fire.
   Stlth:     It makes you more stealthy.
 c - a +3 short sword of speed
 x - the +5 flail "Mimog" {flame, rF+ rC+ rCorr}
   (You found it on level 10 of the Dungeon)

   It burns those it strikes, dealing additional fire damage.
   rF:        It protects you from fire.
   rC:        It protects you from cold.
   rCorr:     It protects you from acid and corrosion.
 D - the +5 dagger of Obsession {vorpal, rElec Dex+4}
   (You found it on level 9 of the Dungeon)

   It inflicts extra damage upon your enemies.
   Dex:       It affects your dexterity (+4).
   rElec:     It insulates you from electricity.
 H - a +0 short sword of protection
Missiles
 z - a curare-tipped dart
 K - 6 atropa-tipped darts
Armour
 h - a +1 buckler of protection (worn)
Magical Staves
 a - a staff of fire (weapon)
 l - a staff of air
Jewellery
 e - the ring of Jeizych (right tentacle) {rF+ rC+ rCorr Int+4 Dex-5}
   (You bought it in a shop on level 10 of the Dungeon)

   [ring of resist corrosion]

   Int:       It affects your intelligence (+4).
   Dex:       It affects your dexterity (-5).
   rF:        It protects you from fire.
   rC:        It protects you from cold.
   rCorr:     It protects you from acid and corrosion.
 o - a ring of magical power (on tentacle)
 p - an amulet of the acrobat (around mantle)
 r - a ring of fire (on tentacle)
 s - an amulet of magic regeneration
 B - an amulet of faith
 C - a +6 ring of dexterity (left tentacle)
Wands
 n - a wand of iceblast (48)
 w - a wand of charming (8)
 y - a wand of paralysis (7)
 G - a wand of mindburst (13)
Scrolls
 d - 2 scrolls of amnesia
 g - 2 scrolls of teleportation
 i - 3 scrolls of enchant weapon
 j - 5 scrolls of immolation
 k - 2 scrolls of enchant armour {unknown}
 u - 2 scrolls of silence
 A - a scroll of vulnerability {unknown}
Potions
 f - a potion of magic {unknown}
 m - 2 potions of haste
 q - 2 potions of attraction
 t - a potion of cancellation
 v - 3 potions of berserk rage
 E - a potion of flight
 F - 2 potions of curing
 I - a potion of might {unknown}
 J - a potion of brilliance {unknown}
 L - a potion of lignification


   Skills:
 + Level 2.6 Fighting
 + Level 2.9(3.0) Short Blades
 + Level 1.0(2.1) Long Blades
 + Level 1.4 Staves
 + Level 4.3 Dodging
 + Level 7.1 Stealth
 * Level 6.4 Shields
 + Level 10.3 Spellcasting
 + Level 8.3 Conjurations
 - Level 4.0 Hexes
 + Level 11.5 Fire Magic
 + Level 3.2 Ice Magic
 + Level 2.1 Air Magic
 + Level 1.3 Poison Magic
 * Level 7.5 Invocations
 + Level 1.3 Evocations


You had 5 spell levels left.
You knew the following spells:

 Your Spells              Type           Power      Damage    Failure   Level
a - Foxfire               Conj/Fire      100%       2x1d9     1%          1
b - Conjure Flame         Conj/Fire      98%        6-21      1%          3
c - Inner Flame           Hex/Fire       88%        N/A       1%          3
d - Flame Wave            Conj/Fire      98%        3d16      1%          4
e - Sticky Flame          Conj/Fire      98%        2d11      1%          4
f - Scorch                Fire           100%       2d10      1%          2
g - Hailstorm             Conj/Ice       43%        3d10      4%          4
h - Mephitic Cloud        Conj/Pois/Air  34%        N/A       2%          3
i - Ignite Poison         Fire/Tmut/Pois 69%        N/A       2%          3

Your spell library contained the following spells:

 Spells                   Type           Power      Damage    Failure   Level
 Freeze                   Ice            100%       1d11      1%          1
 Magic Dart               Conj           100%       1d8       1%          1
 Searing Ray              Conj           100%       2d8       1%          2
 Static Discharge         Conj/Air       40%        N/A       1%          2
 Frozen Ramparts          Ice            60%        1d8       3%          3
 Fulminant Prism          Conj/Hex       22%        3d13      3%          4
 Corpse Rot               Necr/Air       N/A        N/A       4%          2
 Summon Guardian Golem    Hex/Summ       23%        N/A       6%          3
 Call Imp                 Summ           13%        N/A       7%          2
 Lightning Bolt           Conj/Air       20%        1d35      14%         5
 Freezing Cloud           Conj/Ice/Air   18%        6-21      19%         5
 Ice Form                 Ice/Tmut       22%        N/A       22%         4
 Dispel Undead            Necr           13%        3d9       41%         4
 Starburst                Conj/Fire      49%        6d13      12%         6
 Orb of Destruction       Conj           27%        9d11      77%         7
 Simulacrum               Ice/Necr       10%        N/A       98%         6
 Death Channel            Necr           6%         N/A       100%        6
 Summon Cactus Giant      Summ           6%         N/A       100%        6
 Spellforged Servitor     Conj/Summ      17%        N/A       100%        7
 Maxwell's Capacitive Co  Air            12%        ∞         100%        8


Dungeon Overview and Level Annotations

Branches:
Dungeon (12/15)            Temple (1/1) D:5            Lair (0/6) D:9
    Orc (2/2) D:11          Sewer (visited)
    Elf: Orc:2

Altars:
Dithmenos
Elyvilon
Fedhas
Gozag
Kikubaaqudgha
Nemelex Xobeh
Okawaru
Qazlal
Ru
Sif Muna
Trog
Vehumet
Wu Jian
Yredelemnul
Beogh

Shops:
D:10 **(=(

Portals:
Trove: D:12 (give 7 scrolls of blinking)

Annotations:
D:10 2 runed translucent doors, KristoblXynda's ghost, novice DrGl


Innate Abilities, Weirdness & Mutations

You cannot wear most types of armour.
You are amphibious.
You can wear up to eight rings at the same time.
Your skin changes colour to match your surroundings (Stealth+).
Your rubbery body absorbs attacks. (AC +1, EV +1)
((You are camouflaged near water. (Stealth+)))
You have tentacles for arms and can constrict up to eight enemies at once.


Message History

The foxfire hits the sixfirhy.
The sixfirhy is lightly wounded.
The sixfirhy hits you! The sixfirhy shocks you! The sixfirhy hits you!
The sixfirhy shocks you!
Okay, then.
Unknown command.
Unknown command.
Unknown command.
Press: ? - help, v - describe, . - travel
Here: a sixfirhy (lightly wounded, summoned, ally target)
The floor.
Unknown command.
Unknown command.
Unknown command.
Unknown command.
Unknown command.
Okay, then.
Okay, then.
Okay, then.
Okay, then.
Unknown command.
Okay, then.
Aiming: Charm
Press: ? - help, Shift-Dir - straight line, f - sixfirhy, p - orc sorcerer
Aim: a sixfirhy (lightly wounded, summoned, ally target, chance to affect: 18%)
Okay, then.
Unknown command.
Unknown command.
Okay, then.
Okay, then.
The sixfirhy hits you! The sixfirhy shocks you!
* * * LOW HITPOINT WARNING * * *
The foxfire hits the sixfirhy.
The sixfirhy is lightly wounded.
The sixfirhy hits you.
* * * LOW HITPOINT WARNING * * *
The sixfirhy shocks you!
* * * LOW HITPOINT WARNING * * *
The sixfirhy hits you.
You die...

.............))[#.)..............
...............[[....#........)..
.................................
............)....................
#................................
..................#..........#.))
....#......[)##...#..............
.....#.......##..§.#.............
.#......#.).[oo.@..##.##.......##
###.....##..[)..3..######......#
##.....###..[#..#.## .......#
#.....###[.()####.# ......##
......###...#### .. ######
.......##...)oo##.##
...#..####.....o### ....###
#...)).##### ##.## ##.##...##.#


You could see a sixfirhy (summoned), an orc sorcerer (inner flame) and an orc.

Vanquished Creatures
  An orc warlord (Orc:2)
  2 hydras (D:12)
  A boulder beetle (D:10)
  A centaur warrior (D:10)
  4 two-headed ogres
  Urug (Orc:1)
  3 orc high priests
  2 deep elf pyromancers
  4 orc sorcerers (Orc:2)
  An ugly thing (D:10)
  3 orc knights
  4 cyclopes
  A gargoyle (D:12)
  A komodo dragon (D:9)
  2 freezing wraiths
  A kobold demonologist (D:12)
  5 trolls
  2 hornets
  Grinder (D:4)
  A meliai zombie (D:11)
  Sigmund (D:6)
  4 yaks
  2 basilisks (D:10)
  A steam dragon (D:9)
  5 vampire mosquitoes
  Menkaure (D:4)
  6 wargs
  3 water moccasins
  2 ice beasts (D:6)
  2 necrophages
  28 orc warriors
  8 ogres
  3 centaurs
  2 phantoms
  2 kobold brigands
  5 bullfrogs
  2 gnoll sergeants
  A wyvern zombie (D:7)
  A scorpion (D:6)
  A water moccasin skeleton (D:5)
  3 wights (D:9)
  2 howler monkeys
  4 electric eels (D:11)
  2 centaur zombies
  2 jellies
  18 orc priests
  4 hounds
  2 bullfrog skeletons
  2 centaur skeletons
  Natasha (twice) (D:3)
  2 iguanas
  29 orc wizards
  A scorpion zombie (D:5)
  A killer bee zombie (D:8)
  A hound zombie (D:5)
  A howler monkey zombie (D:9)
  9 gnolls
  A howler monkey skeleton (D:7)
  6 adders
  2 river rats (D:5)
  A shadow imp (D:6)
  2 white imps
  An ufetubus (D:7)
  A worm (D:4)
  4 dart slugs
  84 orcs
  7 endoplasms
  4 giant cockroaches
  11 goblins
  7 hobgoblins
  15 kobolds
  4 quokkas (D:3)
  8 ball pythons
  A bat (D:1)
  18 frilled lizards
  10 rats
  A foxfire (Orc:1)
394 creatures vanquished.

Vanquished Creatures (others)
  2 orcs (Orc:2)
  1344 foxfires
  3 plants (D:9)
1349 creatures vanquished.

Grand Total: 1743 creatures vanquished

Notes
Turn   | Place    | Note
-------+----------+-------------------------------------------
     0 | D:1      | Conn the Octopode Fire Elementalist began the quest for the
                  | Orb.
     0 | D:1      | Reached XP level 1. HP: 11/11 MP: 3/3
   435 | D:1      | Reached XP level 2. HP: 17/17 MP: 5/5
   770 | D:1      | Reached XP level 3. HP: 21/21 MP: 3/6
  1093 | D:2      | Found a faded altar of an unknown god.
  1791 | D:2      | Reached XP level 4. HP: 27/27 MP: 3/7
  2669 | D:3      | Reached skill level 1 in Short Blades
  2698 | D:3      | Noticed Natasha
  2706 | D:3      | Killed Natasha
  2759 | D:3      | Reached XP level 5. HP: 18/31 MP: 0/9
  2996 | D:3      | Noticed Natasha
  3006 | D:3      | Killed Natasha
  3007 | D:3      | Reached skill level 4 in Fire Magic
  3511 | D:4      | Noticed Grinder
  3535 | D:4      | Killed Grinder
  3536 | D:4      | Reached XP level 6. HP: 24/37 MP: 0/11
  4113 | D:4      | Noticed Menkaure
  4120 | D:4      | Killed Menkaure
  4121 | D:4      | Reached XP level 7. HP: 42/42 MP: 5/12
  4468 | D:4      | Learned a level 3 spell: Conjure Flame
  4472 | D:4      | Learned a level 3 spell: Inner Flame
  4477 | D:4      | Learned a level 4 spell: Flame Wave
  4499 | D:5      | Entered Level 5 of the Dungeon
  4721 | D:5      | Found a staircase to the Ecumenical Temple.
  4728 | Temple   | Entered the Ecumenical Temple
  4749 | Temple   | Became a worshipper of Sif Muna the Loreminder
  4862 | D:5      | Reached skill level 5 in Stealth
  4862 | D:5      | Reached skill level 5 in Fire Magic
  4872 | D:5      | Found a glowing drain.
  4908 | Sewer    | Entered a sewer
  4925 | Sewer    | Reached skill level 1 in Shields
  5006 | Sewer    | Reached skill level 1 in Fighting
  5068 | Sewer    | Reached XP level 8. HP: 45/48 MP: 11/14
  5189 | Sewer    | Reached * piety under Sif Muna
  5438 | D:5      | Got the Almanac of Conjuration
  5746 | D:5      | Learned a level 4 spell: Sticky Flame
  6173 | D:6      | Reached skill level 5 in Spellcasting
  6247 | D:6      | Noticed Sigmund
  6256 | D:6      | Killed Sigmund
  6435 | D:6      | Reached skill level 6 in Fire Magic
  6642 | D:6      | Reached skill level 5 in Conjurations
  6642 | D:6      | Reached XP level 9. HP: 53/53 MP: 11/17
  7606 | D:7      | Noticed a hornet
  7611 | D:7      | Killed a hornet
  7612 | D:7      | Reached skill level 7 in Fire Magic
  8199 | D:8      | Reached ** piety under Sif Muna
  8213 | D:8      | Learned a level 2 spell: Scorch
  8218 | D:8      | Learned a level 4 spell: Hailstorm
  8609 | D:8      | Reached skill level 1 in Hexes
  8648 | D:8      | Reached XP level 10. HP: 60/60 MP: 11/20
  8991 | D:9      | Found a staircase to the Lair.
  9017 | D:9      | Reached skill level 1 in Staves
  9017 | D:9      | Reached skill level 1 in Ice Magic
  9017 | D:9      | Reached skill level 1 in Invocations
  9352 | D:9      | Identified the +5 dagger of Obsession {vorpal, rElec Dex+4}
  9454 | D:9      | Found a radiant altar of Vehumet.
 10007 | D:10     | Entered Level 10 of the Dungeon
 10009 | D:10     | Found Gystor's Antique Weapon Shop.
 10012 | D:10     | Bought a crude falchion for 200 gold pieces
 10012 | D:10     | Identified the +4 falchion of the Unspeakable One {protect,
                  | rF+ Stlth+} (You bought it in a shop on level 10 of the
                  | Dungeon)
 10176 | D:10     | Found Viac's General Store.
 10231 | D:10     | Found Mudadotz's Assorted Antiques.
 10246 | D:10     | Noticed a deep elf pyromancer
 10572 | D:10     | Reached skill level 8 in Fire Magic
 10750 | D:10     | Noticed a centaur warrior
 10762 | D:10     | Noticed a purple ugly thing
 10772 | D:10     | Killed a purple ugly thing
 10809 | D:10     | Killed a centaur warrior
 10860 | D:10     | Noticed a two-headed ogre
 10869 | D:10     | Killed a two-headed ogre
 10879 | D:10     | Killed a deep elf pyromancer
 10880 | D:10     | Reached XP level 11. HP: 65/65 MP: 3/22
 11028 | D:10     | Bought a runed sapphire amulet for 120 gold pieces
 11043 | D:10     | Reached skill level 1 in Evocations
 11152 | D:10     | Noticed a cyclops
 11164 | D:10     | Killed a cyclops
 11165 | D:10     | Reached skill level 1 in Long Blades
 11165 | D:10     | Reached skill level 9 in Fire Magic
 11276 | D:10     | Noticed a boulder beetle
 11477 | D:10     | Killed a boulder beetle
 11615 | D:10     | Learned a level 3 spell: Mephitic Cloud
 11649 | D:10     | Found Iguol's Jewellery Boutique.
 11661 | D:10     | Found a runed translucent door.
 11661 | D:10     | Noticed a necromancer
 11667 | D:10     | Identified the +5 flail "Mimog" {flame, rF+ rC+ rCorr}
 11673 | D:10     | Noticed KristoblXynda's ghost (novice DrGl)
 11673 | D:10     | Noticed a deep troll earth mage
 11689 | D:10     | Found a runed translucent door.
 11732 | D:10     | Noticed a yaktaur captain
 11732 | D:10     | Noticed a tengu warrior
 11734 | D:10     | Noticed a lich
 12050 | D:10     | Found Coxaeci's Antique Weapon Shop.
 12136 | D:10     | Noticed a skeletal warrior
 12288 | D:11     | Noticed a two-headed ogre
 12310 | D:11     | Killed a two-headed ogre
 12551 | D:11     | Noticed a two-headed ogre
 12560 | D:11     | Killed a two-headed ogre
 12560 | D:11     | Reached *** piety under Sif Muna
 12930 | D:11     | Found a staircase to the Orcish Mines.
 13286 | D:11     | Reached skill level 10 in Fire Magic
 13589 | Orc:1    | Entered Level 1 of the Orcish Mines
 13592 | Orc:1    | Noticed Urug
 13598 | Orc:1    | Reached skill level 5 in Invocations
 13602 | Orc:1    | Killed Urug
 13643 | Orc:1    | Noticed an orc knight
 13789 | D:11     | Identified a scroll of acquirement
 13789 | D:11     | Acquired 744 gold pieces
 13864 | D:10     | Bought the ring of Jeizych {rF+ rC+ rCorr Int+4 Dex-5} for
                  | 622 gold pieces
 13981 | D:12     | Reached skill level 1 in Air Magic
 13987 | D:12     | Noticed a five-headed hydra
 14004 | D:12     | Noticed a deep elf pyromancer
 14086 | D:12     | Learned a level 3 spell: Ignite Poison
 14105 | D:12     | Killed a deep elf pyromancer
 14106 | D:12     | Reached XP level 12. HP: 45/72 MP: 10/24
 14222 | D:12     | Killed a five-headed hydra
 14371 | D:12     | Noticed a four-headed hydra
 14380 | D:12     | Killed a four-headed hydra
 14479 | D:12     | Found a portal to a secret trove of treasure.
 14603 | D:12     | Reached skill level 5 in Shields
 15335 | Orc:1    | Reached skill level 1 in Poison Magic
 15781 | Orc:1    | Noticed an orc high priest
 15795 | Orc:1    | Killed an orc high priest
 15818 | Orc:1    | Reached **** piety under Sif Muna
 16234 | Orc:2    | Entered Level 2 of the Orcish Mines
 16243 | Orc:2    | Noticed a two-headed ogre
 16490 | D:10     | Bought a ring of magical power for 320 gold pieces
 16490 | D:10     | Bought a ring of fire for 400 gold pieces
 16790 | Orc:2    | Killed a two-headed ogre
 17638 | Orc:2    | Noticed an orc high priest
 17651 | Orc:2    | Killed an orc high priest
 17652 | Orc:2    | Reached skill level 10 in Spellcasting
 17656 | Orc:2    | Noticed an orc warlord
 17664 | Orc:2    | Reached skill level 11 in Fire Magic
 17832 | Orc:2    | Killed an orc warlord
 17833 | Orc:2    | Reached XP level 13. HP: 50/76 MP: 18/27
 18293 | Orc:2    | Reached ***** piety under Sif Muna
 18999 | Orc:2    | HP: 2/75 [sixfirhy[an orc sorcerer] (11)]
 18999 | Orc:2    | Slain by a sixfirhy

Illustrated notes

Levels and vault maps discovered:
D:1:      dpeg_arrival_concentric_ovals, layout_basic
D:2:      layout_loops_corners, ebering_ecumenical_altar_petrified,
          st_stairs_12, bh_walls_and_bars
D:3:      layout_rooms, serial_aquarium, aquarium_bridge_island_small
          [aquarium_subvault_small_water, aquarium_subvault_window,
          aquarium_subvault_bridge, aquarium_subvault_wall,
          aquarium_subvault_bridge], aquarium_bridge_square
          [aquarium_subvault_wall, aquarium_subvault_bridge,
          aquarium_subvault_bridge, aquarium_subvault_wall], aquarium_window_1,
          aquarium_window_fake, aquarium_window_1, aquarium_window_corridor_2,
          aquarium_view_2c, aquarium_view_2e, aquarium_balcony_3b, uniq_natasha
D:4:      kb_forest_paths, layout_basic, uniq_grinder, uniq_menkaure
D:5:      layout_cave_pools, minmay_temple_entry_slanted, portal_sewer_entry_c,
          eino_tiny_chamber
D:6:      layout_cave_pods, solitary_fountain, uniq_sigmund
D:7:      layout_loops_ring
D:8:      layout_basic, abandoned_shop
D:9:      layout_stronghold, vehumet_crystals, david_lair_shrubbed,
          minmay_misc_feat_tower
D:10:     minmay_diamond_stairs, layout_small_grid,
          muffindrake_ghost_dual_entry, serial_shops, kennysheep_little_box,
          shop, nicolae_diamond_shop, nicolae_inconvenience_store,
          nicolae_shop_window_shopping
D:11:     layout_basic, minmay_orc_entry_guard_dogs
D:12:     layout_irregular_city, nicolae_trove_entry_free_sample,
          ebering_dispersal_statue_hall, serial_bayou_pond_d
Temple:   nicolae_temple_the_god_donut
Orc:1:    layout_caves, basic_altar, uniq_urug
Orc:2:    st_orc_congregation, layout_caves

Skill      XL: |  1  2  3  4  5  6  7  8  9 10 11 12 |
---------------+-------------------------------------+-----
Stealth        | 3 4 5 6 7 |  7.1
Short Blades   | 1 2 |  2.9
Fire Magic     | 4 5 6 7 8 10 11 | 11.5
Spellcasting   | 3 4 5 6 7 8 10 | 10.3
Conjurations   | 2 3 5 6 7 8 |  8.3
Shields        | 1 3 4 6 |  6.4
Fighting       | 1 2 |  2.6
Dodging        | 3 4 |  4.3
Hexes          | 1 3 4 |  4.0
Staves         | 1 |  1.4
Ice Magic      | 2 3 |  3.2
Invocations    | 3 5 7 |  7.5
Evocations     | 1 |  1.3
Long Blades    | 1 |  1.0
Air Magic      | 1 2 |  2.1
Poison Magic   | 1 |  1.3

Action                   |  1- 3 |  4- 6 |  7- 9 | 10-12 | 13-15 || total
-------------------------+-------+-------+-------+-------+-------++-------
Melee: Short sword       |    31 |    52 |    73 |       |       ||   156
       Constrict         |     4 |     9 |    20 |     8 |     2 ||    43
       Tentacles         |     1 |     7 |    17 |     7 |     3 ||    35
       Staff             |       |       |    16 |    32 |     8 ||    56
       Falchion          |       |       |       |    12 |       ||    12
 Cast: Foxfire           |    26 |    68 |   174 |   408 |    84 ||   760
       Conjure Flame     |       |       |     4 |     4 |       ||     8
       Inner Flame       |       |       |     3 |    64 |    15 ||    82
       Scorch            |       |       |     4 |    22 |       ||    26
       Sticky Flame      |       |       |     2 |    15 |     3 ||    20
       Flame Wave        |       |       |     2 |    16 |     2 ||    20
       Mephitic Cloud    |       |       |       |    19 |     4 ||    23
       Ignite Poison     |       |       |       |     4 |       ||     4
       Hailstorm         |       |       |       |     1 |       ||     1
Invok: Channel Magic     |       |       |       |     2 |       ||     2
Evoke: Wand              |       |       |     1 |     6 |     1 ||     8
  Use: Potion            |       |     1 |     1 |     1 |     1 ||     4
       Scroll            |       |       |     5 |    12 |       ||    17
 Stab: Sleeping          |     9 |     4 |     6 |     1 |       ||    20
       Paralysed         |       |       |       |     3 |       ||     3
Armor: Skin              |     2 |     7 |    26 |    24 |     1 ||    60
Dodge: Dodged            |    13 |    17 |    69 |   102 |    16 ||   217
Block: Buckler           |     1 |     4 |    24 |    48 |     3 ||    80

Table legend: (Time is in decaauts)
 A = Elapsed time spent in this place.
 B = Non-inter-level travel time spent in this place.
 C = Inter-level travel time spent in this place.
 D = Time resting spent in this place.
 E = Time spent auto-exploring this place.
 F = Levels seen in this place.
 G = Mean time per level.
                   A        B        C        D        E       F      G
               +--------+--------+--------+--------+--------+-----+--------+
         Total |  19020 |  18455 |    565 |   3372 |  10611 |  16 | 1188.8 |
       Dungeon |  15111 |  14571 |    540 |   1760 |   9478 |  12 | 1259.2 |
        Temple |     44 |     44 |      0 |      0 |      0 |   1 |   44.0 |
  Orcish Mines |   3496 |   3471 |     25 |   1612 |    906 |   2 | 1748.0 |
         Sewer |    367 |    367 |      0 |      0 |    227 |   1 |  367.0 |
               +--------+--------+--------+--------+--------+-----+--------+

Top non-repeatable levels by time:
   Orc:1: 2212 daAuts
    D:10: 2043 daAuts
    D:11: 2026 daAuts
     D:6: 1718 daAuts
     D:9: 1371 daAuts
   Orc:2: 1284 daAuts
     D:2: 1244 daAuts
     D:4: 1185 daAuts
    D:12: 1108 daAuts
     D:1: 1040 daAuts
     D:3: 1022 daAuts
     D:5: 853 daAuts
     D:8: 788 daAuts
     D:7: 709 daAuts
   Sewer: 367 daAuts
